 Dungeon Crawl Stone Soup version 0.20.1-1-g8b1a95d (webtiles) character file.

14817 saplok the Grappler (level 11, -32/111 HPs)
             Began as a Troll Monk on Aug 9, 2017.
             Was a High Priest of Okawaru.
             Annihilated by an ettin
             ... wielding a cursed +0 dire flail
              (34 damage)
             ... on level 12 of the Dungeon.
             The game lasted 00:31:29 (9865 turns).

saplok the Grappler (Troll Monk)                    Turns: 9865, Time: 00:31:30

Health: -32/111    AC:  7    Str: 21    XL:     11   Next: 93%
Magic:  10/10      EV: 14    Int:  6    God:    Okawaru [*****.]
Gold:   335        SH:  0    Dex: 15    Spells: 10/10 levels left

rFire    . . .     SeeInvis .     - Unarmed
rCold    . . .     Gourm    +   (no shield)
rNeg     + + .     Faith    .   y - +0 troll leather armour
rPois    .         Spirit   .   (helmet restricted)
rElec    .         Reflect  .   (no cloak)
rCorr    .         Harm     .   (gloves unavailable)
MR       .....                  (boots unavailable)
Stlth    ++........             (no amulet)
Regen    1.1/turn               f - ring of positive energy
MPRegen  0.2/turn               N - ring of positive energy

@: no status effects
A: unfitting armour, claws 3, fast metabolism 3, gourmand, regeneration 1,
shaggy fur 1, tough skin 2
a: Heroism, Finesse, Renounce Religion


You were on level 12 of the Dungeon.
You worshipped Okawaru.
Okawaru was extremely pleased with you.
You were completely stuffed.

You visited 2 branches of the dungeon, and saw 13 of its levels.

You collected 503 gold pieces.
You spent 168 gold pieces at shops.

Inventory:

Missiles
 h - 349 stones
 z - 8 large rocks (quivered)
 A - 9 javelins of returning
 C - 7 silver javelins
 D - 2 tomahawks of returning
Armour
 a - a +0 robe
 y - a +0 troll leather armour (worn)
 P - a +2 robe of magic resistance
Jewellery
 f - a ring of positive energy (left claw)
 E - an uncursed amulet of guardian spirit
 N - a ring of positive energy (right claw)
 Q - a +4 ring of protection {unknown}
Wands
 q - a wand of clouds (6/9)
 t - a wand of paralysis (5/24)
 u - a wand of paralysis (14/24)
 M - a wand of paralysis (13/24)
Scrolls
 d - 3 scrolls of identify
 i - a scroll of fog
 j - 2 scrolls of fear
 k - 4 scrolls of enchant weapon
 o - 2 scrolls of remove curse
 p - 3 scrolls of blinking
 w - 3 scrolls of teleportation
 F - 2 scrolls of random uselessness {unknown}
 I - a scroll of holy word {unknown}
Potions
 e - 7 potions of curing
 m - 3 potions of magic
 n - 2 potions of brilliance
 s - 3 potions of flight
 v - 2 potions of agility
 B - a potion of degeneration {unknown}
 J - a potion of heal wounds
 L - a potion of mutation {unknown}
 O - a potion of cancellation {unknown}
Books
 r - a book of Misfortune

   Spells                             Type                      Level
   a - Confusing Touch                Hexes                        1
   b - Confuse                        Hexes                        3
   c - Gell's Gravitas                Translocation                3
   d - Petrify                        Transmutation/Earth          4
   e - Metabolic Englaciation         Hexes/Ice                    5
   f - Yara's Violent Unravelling     Hexes/Transmutation          5
 x - a book of Geomancy

   Spells                             Type                      Level
   a - Sandblast                      Earth                        1
   b - Passwall                       Transmutation/Earth          2
   c - Stone Arrow                    Conjuration/Earth            3
   d - Petrify                        Transmutation/Earth          4
   e - Lee's Rapid Deconstruction     Earth                        5
 H - a book of Maledictions

   Spells                             Type                      Level
   a - Corona                         Hexes                        1
   b - Ensorcelled Hibernation        Hexes/Ice                    2
   c - Confuse                        Hexes                        3
   d - Tukima's Dance                 Hexes                        3
   e - Dazzling Spray                 Conjuration/Hexes            3
 K - a book of Fire

   Spells                             Type                      Level
   a - Ignite Poison                  Fire/Transmutation/Poison    3
   b - Fireball                       Conjuration/Fire             5
   c - Bolt of Fire                   Conjuration/Fire             6
   d - Ring of Flames                 Charms/Fire                  7
   e - Ignition                       Fire                         8
Comestibles
 b - 6 bread rations
 c - 13 royal jellies
 g - 3 fruits
 l - 8 meat rations
 G - 8 chunks of flesh


   Skills:
 + Level 7.9 Fighting
 + Level 7.7 Throwing
 + Level 7.8 Dodging
 - Level 1.0 Stealth
 * Level 12.5 Unarmed Combat


You had 10 spell levels left.
You didn't know any spells.

Dungeon Overview and Level Annotations

Branches:
Dungeon (12/15)            Temple (1/1) D:6            Lair (0/6) D:10
    Orc (0/2) D:12

Altars:
Ashenzari
Cheibriados
Dithmenos
Elyvilon
Fedhas
Gozag
Hepliaklqana
Kikubaaqudgha
Makhleb
Nemelex Xobeh
Okawaru
Qazlal
Ru
Sif Muna
Trog
Uskayaw
Vehumet
Xom
Yredelemnul
Zin
The Shining One
Beogh

Shops:
D:11 !


Innate Abilities, Weirdness & Mutations

You are too large for most types of armour.
You have claws for hands.
Your metabolism is lightning-fast.
You like to eat raw meat.
Your natural rate of healing is unusually fast.
You are covered in fur. (AC +1)
You have very tough skin. (AC +2)


Message History

The orc priest looks satisfied for a moment.
The orc moves out of view.
A shadow comes into view.
The shadow slips into darkness.
The shadow flickers and vanishes!
Deactivating autopickup; reactivate with Ctrl-A.
The shadow strikes at you from the darkness!
Reactivating autopickup.
You claw the shadow!
The shadow is heavily damaged.
You barely miss the shadow.
The shadow is heavily damaged.
The shadow hits you. The ettin hits you with a dire flail!
* * * LOW HITPOINT WARNING * * *
The ettin hits you with a dire flail!!
* * * LOW HITPOINT WARNING * * *
You scratch the shadow but do no damage.
The shadow is heavily damaged.
The shadow closely misses you. The ettin hits you with a dire flail!!
You die...

.#.......# .$#.# #.# ##
#.######.#####.#.# #.# . .(#
#.##.............# #.# .#
#.###.........)......# #.##.#
#(.....#.##).#####...# #....#
#.# #..#.....# #...###..#.# #(#
#.....>).#####....[.....#
#.###......ooooC.#..###)<.#.....
#......#8o.o8###@#..........#.##
.......###o### #W#.........## .#
.####.>#oo.. #.#.###.#.#..# # .
##.#.... #.#.# ##...##.# .
#.#.o_.. #.#.# #.## .# .
#.#..o.. ... #.# # . #.#.%o..#
#.# #.# . .# #.# .


You could see an ettin, 2 orc warriors, a shadow and 2 orcs.

Vanquished Creatures
  Erica (D:9)
  2 two-headed ogres
  Urug (D:11)
  The ghost of CALLOUS the Covert, a novice SpWz of Gozag (D:10)
  Pikel (D:8)
  A cyclops (D:12)
  A komodo dragon (D:11)
  3 trolls
  2 hornets
  A queen bee (D:11)
  Prince Ribbit (D:8)
  3 hippogriffs
  A meliai zombie (D:12)
  A wyvern (D:12)
  Eustachio (D:5)
  16 yaks
  A hungry ghost (D:7)
  2 wargs (D:12)
  4 ice beasts
  2 black bears
  4 orc warriors
  A sky beast (D:10)
  A necrophage (D:9)
  5 centaurs
  2 phantoms
  5 ogres
  6 wolves
  A crocodile (D:11)
  7 bullfrogs
  The ghost of Giltor the Vexing, an amateur SpEn (D:5)
  A wyvern zombie (D:6)
  3 scorpions
  11 killer bees (D:11)
  4 wights (D:7)
  4 electric eels (D:10)
  A howler monkey (D:4)
  A centaur zombie (D:5)
  3 crimson imps
  A quasit (D:11)
  A bullfrog zombie (D:3)
  A jelly (D:6)
  11 hounds
  3 bullfrog skeletons
  2 orc priests
  A gnoll shaman (D:10)
  6 iguanas
  Ijyb (D:4)
  9 worker ants
  4 orc wizards
  A killer bee zombie (D:7)
  A hound skeleton (D:6)
  A worker ant zombie (D:9)
  4 gnolls (D:10)
  11 adders
  3 shadow imps
  2 oozes (D:2)
  2 adder skeletons
  2 dart slugs
  A leopard gecko (D:3)
  30 orcs
  5 giant cockroaches
  2 hobgoblins (D:1)
  8 jackals
  A kobold (D:2)
  3 quokkas
  8 bats
  7 frilled lizards
  9 goblins
  A jackal skeleton (D:6)
  A jackal zombie (D:6)
  A quokka skeleton (D:4)
  A quokka zombie (D:7)
  4 rats
256 creatures vanquished.

Vanquished Creatures (others)
  An orc (D:8)
  2 jackals (D:8)
3 creatures vanquished.

Grand Total: 259 creatures vanquished

Notes
Turn   | Place    | Note
-------+----------+-------------------------------------------
     0 | D:1      | saplok the Troll Monk began the quest for the Orb.
     0 | D:1      | Reached XP level 1. HP: 22/22 MP: 0/0
   576 | D:2      | Reached XP level 2. HP: 29/29 MP: 1/1
   767 | D:2      | Reached XP level 3. HP: 35/36 MP: 2/2
  1179 | D:3      | Found a white marble altar of Elyvilon.
  1206 | D:3      | Reached skill level 4 in Unarmed Combat
  1206 | D:3      | Reached XP level 4. HP: 38/44 MP: 3/3
  1225 | D:3      | Reached skill level 1 in Throwing
  1709 | D:4      | Found a shattered altar of Ashenzari.
  1894 | D:4      | Noticed an ogre
  1898 | D:4      | Killed an ogre
  1898 | D:4      | Reached XP level 5. HP: 18/53 MP: 4/4
  2039 | D:4      | Reached XP level 6. HP: 61/61 MP: 5/5
  2058 | D:4      | Reached skill level 5 in Unarmed Combat
  2090 | D:4      | Found a burning altar of Makhleb.
  2407 | D:4      | Noticed Ijyb
  2411 | D:4      | Paralysed by Ijyb for 7 turns
  2425 | D:4      | Killed Ijyb
  2514 | D:5      | Entered Level 5 of the Dungeon
  2553 | D:5      | Noticed a hippogriff
  2553 | D:5      | Noticed an ice beast
  2582 | D:5      | Killed a hippogriff
  2582 | D:5      | Reached XP level 7. HP: 43/68 MP: 6/6
  2734 | D:5      | Reached skill level 6 in Unarmed Combat
  2767 | D:5      | Noticed Eustachio
  2856 | D:5      | Noticed Giltor's ghost (amateur SpEn)
  2900 | D:5      | Found a hazy altar of Hepliaklqana.
  3154 | D:5      | Killed Giltor's ghost
  3154 | D:5      | Reached XP level 8. HP: 31/79 MP: 7/7
  3179 | D:5      | Killed Eustachio
  3573 | D:6      | Found a snail-covered altar of Cheibriados.
  3574 | D:6      | Found a hide-covered altar of Uskayaw.
  3574 | D:6      | Found a basalt altar of Yredelemnul.
  3575 | D:6      | Found a glowing golden altar of the Shining One.
  3598 | D:6      | Reached skill level 7 in Unarmed Combat
  3930 | D:6      | Found a staircase to the Ecumenical Temple.
  3936 | Temple   | Entered the Ecumenical Temple
  4031 | Temple   | Became a worshipper of Warmaster Okawaru
  4031 | Temple   | Reached * piety under Okawaru
  4031 | Temple   | Reached ** piety under Okawaru
  4290 | D:6      | Reached skill level 5 in Fighting
  4290 | D:6      | Reached skill level 8 in Unarmed Combat
  4571 | D:7      | Noticed a hornet
  4577 | D:7      | Paralysed by a hornet for 1 turns
  4579 | D:7      | Killed a hornet
  4579 | D:7      | Reached skill level 5 in Dodging
  4579 | D:7      | Reached XP level 9. HP: 54/88 MP: 5/8
  4878 | D:7      | Found a deep blue altar of Sif Muna.
  5133 | D:7      | Reached skill level 5 in Throwing
  5133 | D:7      | Reached skill level 9 in Unarmed Combat
  5563 | D:7      | Noticed a troll
  5572 | D:7      | Killed a troll
  5572 | D:7      | Reached *** piety under Okawaru
  5941 | D:8      | Noticed Pikel
  5956 | D:8      | Killed Pikel
  6058 | D:8      | Reached XP level 10. HP: 97/98 MP: 9/9
  6136 | D:8      | Noticed a two-headed ogre
  6144 | D:8      | Killed a two-headed ogre
  6144 | D:8      | Reached **** piety under Okawaru
  6144 | D:8      | Reached skill level 10 in Unarmed Combat
  6331 | D:8      | Noticed Prince Ribbit
  6341 | D:8      | Killed Prince Ribbit
  6514 | D:9      | Noticed Erica
  6542 | D:9      | Killed Erica
  6911 | D:9      | Received a gift from Okawaru
  7207 | D:9      | Reached ***** piety under Okawaru
  7207 | D:9      | Reached skill level 11 in Unarmed Combat
  7223 | D:9      | Received a gift from Okawaru
  7456 | D:9      | Found a blossoming altar of Fedhas.
  7515 | D:9      | Found a stormy altar of Qazlal.
  7714 | D:10     | Entered Level 10 of the Dungeon
  7850 | D:10     | Reached XP level 11. HP: 84/107 MP: 10/10
  8017 | D:10     | Received a gift from Okawaru
  8286 | D:10     | Found a staircase to the Lair.
  8355 | D:10     | Noticed CALLOUS's ghost (novice SpWz)
  8367 | D:10     | Killed CALLOUS's ghost
  8367 | D:10     | Received a gift from Okawaru
  8472 | D:10     | Received a gift from Okawaru
  8769 | D:11     | Noticed a two-headed ogre
  8852 | D:10     | Killed a two-headed ogre
  8852 | D:10     | Received a gift from Okawaru
  9049 | D:11     | Found Nopruihe's Distillery.
  9102 | D:11     | Bought a potion of heal wounds for 60 gold pieces
  9102 | D:11     | Bought 2 potions of curing for 72 gold pieces
  9102 | D:11     | Bought a potion of curing for 36 gold pieces
  9378 | D:11     | Reached skill level 12 in Unarmed Combat
  9405 | D:11     | Noticed Urug
  9413 | D:11     | Killed Urug
  9661 | D:12     | Received a gift from Okawaru
  9752 | D:12     | Found a staircase to the Orcish Mines.
  9844 | D:12     | Noticed an ettin
  9856 | D:12     | Found a roughly hewn altar of Beogh.
  9864 | D:12     | HP: 1/111 [ettin/dire flail (32)]
  9865 | D:12     | Annihilated by an ettin

Skill      XL: |  1  2  3  4  5  6  7  8  9 10 11 |
---------------+----------------------------------+-----
Unarmed Combat | 4 5 6 8 9 11 12 | 12.5
Throwing       | 1 2 3 4 5 6 7 |  7.7
Fighting       | 3 4 5 6 7 |  7.9
Dodging        | 3 4 5 6 7 |  7.8
Stealth        | |  1.0

Action                   |  1- 3 |  4- 6 |  7- 9 | 10-12 || total
-------------------------+-------+-------+-------+-------++-------
Melee: Unarmed           |    63 |   132 |   301 |   355 ||   851
       Punch             |       |     2 |    11 |    26 ||    39
Throw: Stone             |     4 |    14 |       |     4 ||    22
       Javelin           |       |       |       |    58 ||    58
       Large rock        |       |       |       |    16 ||    16
       Tomahawk          |       |       |       |    15 ||    15
Invok: Heroism           |       |       |     5 |     6 ||    11
  Use: Scroll            |       |    10 |     6 |     6 ||    22
       Potion            |       |       |     6 |     1 ||     7
 Stab: Sleeping          |     3 |     1 |     3 |       ||     7
       Distracted        |       |     1 |       |     1 ||     2
  Eat: Chunk             |     6 |    21 |    33 |    35 ||    95
       Fruit             |     2 |       |       |       ||     2
       Bread ration      |       |       |     1 |       ||     1
Armor: Robe              |    26 |    49 |   105 |       ||   180
       Troll leather arm |       |       |    20 |    90 ||   110
Dodge: Dodged            |    40 |    69 |   261 |   229 ||   599
